 Dungeon Crawl Stone Soup version 0.23-a0-419-g0174fd8 (webtiles) character file.

23 Heskey the Skirmisher (level 3, -3/40 HPs)
             Began as an Ogre Berserker on Nov 11, 2018.
             Was a Follower of Trog.
             Slain by an ogre
             ... wielding a +0 giant spiked club
              (23 damage)
             ... on level 2 of the Dungeon.
             The game lasted 00:02:20 (942 turns).

Heskey the Skirmisher (Ogre Berserker)               Turns: 942, Time: 00:02:21

Health: -3/40      AC:  3    Str: 22    XL:     3   Next: 0%
Magic:  3/3        EV: 10    Int:  8    God:    Trog [*.....]
Gold:   120        SH:  0    Dex:  8    Spells: 2/2 levels left

rFire    . . .     SeeInvis .   g - +0 flail (holy)
rCold    . . .     Gourm    .   (no shield)
rNeg     . . .     Faith    .   b - +0 animal skin
rPois    .         Spirit   .   (helmet restricted)
rElec    .         Reflect  .   (no cloak)
rCorr    .         Harm     .   (gloves unavailable)
MR       .....                  (boots unavailable)
Stlth    +.........             (no amulet)
HPRegen  0.13/turn              (no ring)
MPRegen  0.08/turn              (no ring)

@: no status effects
A: large, unfitting armour, tough skin 1
a: Berserk, Renounce Religion


You were on level 2 of the Dungeon.
You worshipped Trog.
Trog was aware of your devotion.
You were not hungry.

You visited 1 branch of the dungeon, and saw 2 of its levels.

You collected 120 gold pieces.

Inventory:

Hand Weapons
 g - a +0 flail of holy wrath (weapon)
Missiles
 a - 4 large rocks (quivered)
Armour
 b - a +0 animal skin (worn)
Scrolls
 h - a scroll of identify {unknown}
Potions
 d - a potion of curing {unknown}
 e - a potion of berserk rage {unknown}
 f - 2 potions of haste {unknown}
Comestibles
 c - 3 rations


   Skills:
 * Level 4.4 Fighting
 * Level 3.1 Maces & Flails
 + Level 3.0 Dodging


You had 2 spell levels left.
You didn't know any spells.
Your spell library was empty.

Dungeon Overview and Level Annotations

Branches:
Dungeon (2/15)

Altars:
Yredelemnul


Innate Abilities, Weirdness & Mutations

You are too large for most types of armour.
You have tough skin. (AC +1)


Message History

Uppercase letters only, please.
Uppercase letters only, please.
Uppercase letters only, please.
Uppercase letters only, please.
Uppercase letters only, please.
Uppercase letters only, please.
You feel stronger. x2
A frilled lizard comes into view.
You thump the ogre!
The ogre is moderately wounded.
The ogre closely misses you.
You barely miss the ogre.
The ogre is moderately wounded.
The ogre hits you with a +0 giant spiked club!!
Ouch! That really hurt!
You hit the ogre.
The ogre is heavily wounded.
The ogre hits you with a +0 giant spiked club!!
Ouch! That really hurt!
You die...

## .### ...## ....#
###. ...### ...#
...###.##.##
#...##.#...###### #
........._......##.#
...#####..[#.##.@Ol#
####
##.##.#####.....# #
#....# ..... ####
#.#### #### ...#
##.#### ##.# #.....#
##.# ##...## ##.#
##.## ####
...#######†##.....


You could see an ogre and a frilled lizard.

Vanquished Creatures
  A dart slug (D:1)
  A leopard gecko (D:2)
  3 goblins (D:1)
  4 hobgoblins
  2 jackals (D:1)
  A bat (D:1)
  2 frilled lizards (D:1)
  2 kobolds (D:1)
  3 rats
19 creatures vanquished.

Vanquished Creatures (others)
  4 toadstools (D:1)
4 creatures vanquished.

Grand Total: 23 creatures vanquished

Notes
Turn   | Place    | Note
-------+----------+-------------------------------------------
     0 | D:1      | Heskey the Ogre Berserker began the quest for the Orb.
     0 | D:1      | Reached XP level 1. HP: 24/24 MP: 1/1
   119 | D:1      | Reached XP level 2. HP: 31/32 MP: 2/2
   887 | D:2      | Found a basalt altar of Yredelemnul.
   935 | D:2      | Noticed an ogre
   939 | D:2      | Reached XP level 3. HP: 40/40 MP: 3/3
   942 | D:2      | Slain by an ogre

Vault maps used:
D:1:      ldierk_walled_garden_2, serial_bayou_ford_a
D:2:      nicolae_overflow_crystal_walls, first_ration

Skill      XL: |  1  2 |
---------------+-------+-----
Dodging        | 3 |  3.0
Maces & Flails | 3 |  3.1
Fighting       | |  4.4

Action                   || total
-------------------------++-------
Melee: Mace              ||    38
       Flail             ||     9
Armor: Animal skin       ||    11
Dodge: Dodged            ||    23

Table legend:
 A = Non-vault XP
 B = Vault XP
 C = Vault XP percentage of total XP
 D = Non-vault monster count
 E = Vault monster count
 F = Vault count percentage of total count
                 A         B        C        D         E       F
            +---------+---------+-------+---------+---------+-------
      Total |      34 |       0 |   0.0 |      19 |       0 |   0.0
            +---------+---------+-------+---------+---------+-------
        D:1 |      26 |       0 |   0.0 |      15 |       0 |   0.0
        D:2 |       8 |       0 |   0.0 |       4 |       0 |   0.0
            +---------+---------+-------+---------+---------+-------
